 Dungeon Crawl Stone Soup version 0.25.0-1-g7eea58d2a3 (webtiles) character file.

Game seed: 104117403440088663

123 xccam the Chopper (level 5, -1/32 HPs)
             Began as a Gargoyle Fighter on June 13, 2020.
             Killed by nerve-wracking pain
             ... invoked by an orc priest
              (7 damage)
             ... on level 3 of the Dungeon.
             The game lasted 00:01:44 (2406 turns).

xccam the Chopper (Gargoyle Fighter)                Turns: 2406, Time: 00:01:45

Health: -1/32      AC: 10    Str: 21    XL:     5   Next: 7%
Magic:  5/5        EV:  7    Int:  8    God:
Gold:   100        SH:  9    Dex:  9    Spells: 4/4 levels left

rFire    + . .     SeeInvis .   a - +0 war axe
rCold    + . .     Gourm    .   c - +0 kite shield
rNeg     + . .     Faith    .   b - +0 scale mail
rPois    ∞         Spirit   .   (no helmet)
rElec    +         Reflect  .   (no cloak)
rCorr    +         Harm     .   (no gloves)
MR       .....                  (no boots)
Stlth    ..........             (no amulet)
HPRegen  0.10/turn              (no ring)
MPRegen  0.09/turn              (no ring)

@: mighty, resistant, stab, flying
A: negative energy resistance 1, electricity resistance, unbreathing,
petrification resistance, rot immunity, AC +4
a: no special abilities


You were on level 3 of the Dungeon.
You were not hungry.

You visited 1 branch of the dungeon, and saw 3 of its levels.

You collected 100 gold pieces.

Inventory:

Hand Weapons
 a - a +0 war axe (weapon)
Armour
 b - a +0 scale mail (worn)
 c - a +0 kite shield (worn)
Jewellery
 l - an uncursed ring of poison resistance {unknown}
 q - a +6 ring of dexterity {unknown}
Scrolls
 g - a scroll of blinking {unknown}
 i - 2 scrolls of identify {unknown}
 j - a scroll of magic mapping {unknown}
 m - a scroll of remove curse {unknown}
 o - a scroll of amnesia {unknown}
 p - 2 scrolls of teleportation {unknown}
Potions
 d - a potion of might
 e - 2 potions of flight
Comestibles
 f - 3 rations
 r - a chunk of flesh


   Skills:
 - Level 3.2 Fighting
 + Level 4.6 Axes
 - Level 3.2 Armour
 - Level 3.2 Shields


You had 4 spell levels left.
You didn't know any spells.
Your spell library contained the following spells:

 Spells                   Type           Power        Failure   Level  Hunger
 Confusing Touch          Hex            #.......     100%        3    ####...
 Gell's Gravitas          Tloc           #.........   100%        3    ####...
 Petrify                  Tmut/Erth      #.......     100%        4    #####..
 Metabolic Englaciation   Hex/Ice        #.........   100%        5    ######.
 Yara's Violent Unravell  Hex/Tmut       #.........   100%        5    ######.


Dungeon Overview and Level Annotations

Branches:
Dungeon (3/15)

Altars:
Dithmenos
Kikubaaqudgha


Innate Abilities, Weirdness & Mutations

You are resistant to torment.
Your stone body is resilient. (AC +4)
You are immune to poison.
You resist negative energy. (rN+)
You are resistant to electric shocks. (rElec)
You can survive without breathing.
You are immune to petrification.
You are immune to rotting.


Message History

* * * LOW HITPOINT WARNING * * *
The adder bites you.
* * * LOW HITPOINT WARNING * * *
The orc priest hits you with a +0 flail.
* * * LOW HITPOINT WARNING * * *
The orc priest casts a cantrip, but nothing happens.
You closely miss the orc priest.
The orc priest is heavily wounded.
You closely miss the adder. You block the adder's attack.
The adder barely misses you.
The orc priest hits you but does no damage.
Unknown command.
You closely miss the orc priest.
The orc priest is heavily wounded.
Your shield and scale mail prevent you from hitting the adder.
You block the adder's attack.
The orc priest miscasts a cantrip.
The orc priest mumbles some strange prayers to Beogh against you.
Pain shoots through your body!
You die...

.. . .( #.# .#.# . #...
...# #.## #.. #..#.#...
#..############..#.....
#......................
#......###.)...o.......
#._8_.## ######oSo.....
#.....# #@#......
#.....# #.##.....
#....## #.# .....
##..## #.# ....
####.####### #.. ...
#....<.....# #.. ...
#..........# #..
#...)......# #...
#............


You could see 2 orc priests, an adder and an orc.

Vanquished Creatures
  An orc priest (D:3)
  3 adders (D:2)
  3 worms (D:2)
  4 leopard geckos
  3 orcs
  5 goblins
  6 hobgoblins
  6 jackals (D:2)
  A ball python (D:2)
  7 bats
  3 frilled lizards
  A giant cockroach zombie (D:1)
  5 kobolds (D:2)
  A quokka zombie (D:1)
  5 rats
54 creatures vanquished.

Notes
Turn   | Place    | Note
-------+----------+-------------------------------------------
     0 | D:1      | xccam the Gargoyle Fighter began the quest for the Orb.
     0 | D:1      | Reached XP level 1. HP: 14/14 MP: 1/1
   105 | D:1      | Reached skill level 2 in Axes
   248 | D:1      | Reached XP level 2. HP: 17/19 MP: 2/2
   918 | D:2      | Reached skill level 3 in Axes
  1001 | D:2      | Reached XP level 3. HP: 17/23 MP: 3/3
  1734 | D:2      | Reached XP level 4. HP: 15/28 MP: 4/4
  1951 | D:2      | Reached skill level 4 in Axes
  2340 | D:3      | Found a shadowy altar of Dithmenos.
  2341 | D:3      | Found an ancient bone altar of Kikubaaqudgha.
  2399 | D:3      | Reached XP level 5. HP: 12/32 MP: 5/5
  2406 | D:3      | Killed from afar by an orc priest

Illustrated notes

Levels and vault maps discovered:
D:1:      saegor_arrival_fortress, layout_loops_ring
D:2:      layout_loops_corners, minmay_misc_feat_tower
D:3:      layout_rooms, chequers_temple_overflow_statue_of_worship,
          first_ration, lemuel_blue_sif_altar

Skill      XL: |  1  2  3  4 |
---------------+-------------+-----
Axes           | 2 3 4 |  4.6
Fighting       | |  3.2
Armour         | |  3.2
Shields        | |  3.2

Action                   |  1- 3 |  4- 6 || total
-------------------------+-------+-------++-------
Melee: War axe           |   152 |    46 ||   198
  Use: Potion            |       |     5 ||     5
  Eat: Chunk             |     3 |     2 ||     5
Armor: Scale mail        |    80 |    35 ||   115
Dodge: Dodged            |    44 |    10 ||    54
Block: Kite shield       |    83 |    34 ||   117
